 Dungeon Sprint DCSS version 0.31-a0-128-g25add195a6 (webtiles) character file.

Game seed: 5216249730313393498

2 rocky1 the Grasshopper (level 1, -2/20 HPs)
             Began as a Gnoll Warper on June 2, 2023.
             Killed by nerve-wracking pain
             ... invoked by Jessica
              (5 damage)
             ... in the Dungeon (Sprint III: "The Ten Rune Challenge").
             The game lasted 00:00:08 (22 turns).

rocky1 the Grasshopper (Gnoll Warper)                 Turns: 22, Time: 00:00:09

Health: -2/20      AC:  3    Str: 10    XL:     1   Next: 30%
Magic:  6/6        EV: 12    Int: 12    God:
Gold:   0          SH:  0    Dex: 11    Spells: 9/9 levels left

rFire   . . .        a - +0 falchion
rCold   . . .        (no shield)
rNeg    . . .        b - +0 leather armour
rPois   .            (no helmet)
rElec   .            (no cloak)
rCorr   .            (no gloves)
SInv    .            (no boots)
Will    .....        (no amulet)
Stlth   +            (no ring)
HPRegen 0.23/turn    (no ring)
MPRegen 0.10/turn

%: no teleportation
@: no status effects
A: fangs 1, strong nose, distributed training
a: no special abilities


You were in the Dungeon.
You visited 1 branch

Inventory:

Hand Weapons
 a - a +0 falchion (weapon)
Missiles
 d - 7 boomerangs of dispersal (quivered)
Armour
 b - a +0 leather armour (worn)
Scrolls
 c - 2 scrolls of blinking
Potions
 e - a potion of curing
 f - a potion of heal wounds
 g - a potion of haste
 h - 2 potions of magic
 i - a potion of berserk rage


   Skills:
 + Level 4.5 Fighting
 + Level 0.5 Short Blades
 + Level 4.5 Long Blades
 + Level 0.5 Axes
 + Level 0.5 Maces & Flails
 + Level 0.5 Polearms
 + Level 0.5 Staves
 + Level 0.5 Ranged Weapons
 + Level 2.5 Throwing
 + Level 2.5 Armour
 + Level 4.5 Dodging
 + Level 0.5 Stealth
 + Level 0.5 Shields
 + Level 0.5 Unarmed Combat
 + Level 4.9 Spellcasting
 + Level 0.3 Conjurations
 + Level 0.3 Hexes
 + Level 0.3 Summonings
 + Level 0.3 Necromancy
 + Level 5.3 Translocations
 + Level 0.3 Transmutations
 + Level 0.3 Fire Magic
 + Level 0.3 Ice Magic
 + Level 0.3 Air Magic
 + Level 0.3 Earth Magic
 + Level 0.3 Poison Magic
 + Level 0.6 Invocations
 + Level 0.5 Evocations


You had 9 spell levels left.
You didn't know any spells.
Your spell library contained the following spells:

 Spells                   Type           Power      Damage    Failure   Level
 Blink                    Tloc           30%        N/A       4%          2
 Lesser Beckoning         Tloc           30%        N/A       4%          2
 Teleport Other           Tloc           15%        N/A       9%          3
 Vhi's Electric Charge    Tloc/Air       18%        N/A       24%         3
 Manifold Assault         Tloc           15%        N/A       28%         4


Dungeon Overview and Level Annotations

Branches:
Dungeon (1/1)

Altars:

Annotations:
D Jessica


Innate Abilities, Weirdness & Mutations

You have very sharp teeth.
Your uncanny sense of smell can sniff out nearby items.
Your experience applies equally to all skills.


Message History

There is an open door here.
You slash the rat!
You kill the rat!
The rat bites you but does no damage.
You hit the rat.
The rat is severely wounded.
The rat barely misses you.
You completely miss the rat.
The rat is severely wounded.
The rat bites you but does no damage.
You hit the rat.
You kill the rat!
No target in view!
You see here 4 stones.
You open the door.
A rat comes into view.
Jessica the Apprentice Sorceress comes into view.
She is wielding a +0 club, wearing a +1 robe of willpower and carrying a wand of flame (13).
Found a dagger.
There is an open door here.
You hit the rat.
You kill the rat!
Jessica shouts!
Jessica hits you with a +0 club.
You hit Jessica but do no damage.
Jessica zaps a wand.
The puff of flame hits you!
Ouch! That really hurt!
You are too injured to fight recklessly!
You are too injured to fight recklessly!
You hit Jessica but do no damage. Jessica hits you with a +0 club.
You closely miss Jessica.
Jessica zaps a wand.
The puff of flame misses you.
You hit Jessica but do no damage. Jessica hits you with a +0 club.
* * * LOW HITPOINT WARNING * * *
You slash Jessica!
Jessica is almost dead.
Jessica closely misses you.
You closely miss Jessica.
Jessica is almost dead.
Jessica points at you and mumbles some strange words.
Pain shoots through your body!
You die...

▓▓▓▓
▓<.#∆∆
▓..#∆∆
▓#'####
▓.....#
▓.....#
▓....(#
▓####'#
▓).@@†#
▓.....#
▓.....#
▓+#####


You could see Jessica.

Vanquished Creatures
  3 rats (D)
3 creatures vanquished.

Notes
Turn   | Place    | Note
-------+----------+-------------------------------------------
     0 | D        | rocky1 the Gnoll Warper began the quest for the Orb.
     0 | D        | Reached XP level 1. HP: 20/20 MP: 6/6
    14 | D        | Noticed Jessica
    22 | D        | Killed from afar by Jessica

Illustrated notes

Levels and vault maps discovered:
D:        dungeon_sprint_mu [sprint_mu_entry_forest, sprint_mu_temple_rooms,
          sprint_mu_d1_horrors, sprint_mu_d2_genie, sprint_mu_d3_branching,
          sprint_mu_orc_legion, sprint_mu_elf_gauntlet, sprint_mu_hive_nellie,
          sprint_mu_lair_fedhas, sprint_mu_vaults_butterflies,
          sprint_mu_slime_circle, sprint_mu_swamp_cave, sprint_mu_shoals_archi,
          sprint_mu_blade_basic, sprint_mu_crypt_lich, sprint_mu_tomb_spiral,
          sprint_mu_vestibule_basic, sprint_mu_gehenna_hellfire,
          sprint_mu_dis_giant, sprint_mu_tartarus_statrot,
          sprint_mu_cocytus_islands, sprint_mu_zot1]

Action                     || total
---------------------------++-------
  Melee: Falchion          ||    11
 Armour: Leather armour    ||     2
  Dodge: Dodged            ||     3

Table legend: (Time is in decaauts)
 A = Elapsed time spent in this place.
 B = Non-inter-level travel time spent in this place.
 C = Inter-level travel time spent in this place.
 D = Time resting spent in this place.
 E = Time spent auto-exploring this place.
 F = Levels seen in this place.
 G = Mean time per level.
                   A        B        C        D        E       F      G
               +--------+--------+--------+--------+--------+-----+--------+
         Total |     22 |     22 |      0 |      0 |      0 |   1 |   22.0 |
       Dungeon |     22 |     22 |      0 |      0 |      0 |   1 |   22.0 |
               +--------+--------+--------+--------+--------+-----+--------+

Top non-repeatable levels by time:
       D: 22 daAuts
